 Dungeon Crawl Stone Soup version 0.25-a0-460-g4f2eb97ec1 (webtiles) character file.

Game seed: 2616453706785189342, levelgen mode: deterministic

2336 McKennaii the Grappler (level 9, -4/43 HPs)
             Began as a Vine Stalker Transmuter on Feb 3, 2020.
             Slain by an orc warrior
             ... wielding a cursed +0 dire flail
              (18 damage)
             ... on level 6 of the Dungeon.
             The game lasted 00:13:04 (6566 turns).

McKennaii the Grappler (Vine Stalker Transmuter)    Turns: 6566, Time: 00:13:04

Health: -4/43      AC:  9    Str: 16    XL:     9   Next: 42%
Magic:  0/14       EV:  8    Int: 13    God:
Gold:   113        SH:  0    Dex: 15    Spells: 8/14 levels left

rFire    . . .     SeeInvis .     - Unarmed
rCold    . . .     Gourm    .   (no shield)
rNeg     . . .     Faith    .   q - +0 chain mail
rPois    .         Spirit   +   (no helmet)
rElec    .         Reflect  .   m - scarf {cloud immunity}
rCorr    .         Harm     .   (no gloves)
MR       +....                  (no boots)
Stlth    ..........             (no amulet)
HPRegen  0.54/turn              h - ring of flight
MPRegen  0.14/turn              (no ring)

@: no status effects
A: fangs 3, regeneration 1, magic shield, antimagic bite, no potion heal 3, rot
immunity
a: Evoke Flight


You were on level 6 of the Dungeon.
You were not hungry.

You visited 1 branch of the dungeon, and saw 6 of its levels.

You collected 260 gold pieces.
You spent 147 gold pieces at shops.

Inventory:

Missiles
 a - 33 arrows
Armour
 b - a +0 robe
 m - a scarf of cloud immunity (worn)
 q - a +0 chain mail (worn)
 B - a +0 pair of gloves
Jewellery
 h - a ring of flight (left hand)
Wands
 g - a wand of polymorph (13)
 p - a wand of flame (16)
 D - a wand of random effects (28)
Scrolls
 c - 2 scrolls of blinking {unknown}
 f - 3 scrolls of remove curse
 i - a scroll of enchant weapon {unknown}
 j - 4 scrolls of enchant armour {unknown}
 l - 2 scrolls of magic mapping {unknown}
 o - 2 scrolls of teleportation {unknown}
 t - a scroll of random uselessness {unknown}
 u - 3 scrolls of fog {unknown}
 v - a scroll of fear {unknown}
 x - 3 scrolls of identify
 y - a scroll of brand weapon {unknown}
 A - a scroll of summoning {unknown}
 C - a scroll of acquirement {unknown}
Potions
 e - a potion of mutation {unknown}
 k - 3 potions of curing
 n - 2 potions of brilliance
 r - 2 potions of lignification
 s - 3 potions of berserk rage {unknown}
 w - 2 potions of haste {unknown}
 z - a potion of agility {unknown}
Comestibles
 d - 16 rations
 E - 4 chunks of flesh


   Skills:
 + Level 2.4 Fighting
 + Level 3.2 Armour
 + Level 3.1 Dodging
 * Level 4.9 Stealth
 * Level 9.8 Unarmed Combat
 * Level 3.2 Spellcasting
 * Level 3.0 Transmutations


You had 8 spell levels left.
You knew the following spells:

 Your Spells              Type           Power        Failure   Level  Hunger
a - Beastly Appendage     Tmut           ##....       73%         1    #......
b - Blade Hands           Tmut           ##........   100%        5    ######.

Your spell library contained the following spells:

 Spells                   Type           Power        Failure   Level  Hunger
 Sticks to Snakes         Tmut           ##......     86%         2    ##.....
 Spider Form              Tmut/Pois      #.........   99%         3    ###....
 Ice Form                 Ice/Tmut       #.......     100%        4    #####..


Dungeon Overview and Level Annotations

Branches:
Dungeon (6/15)
 Temple: D:4-7

Altars:
Dithmenos
Yredelemnul

Shops:
D:4 =   D:5 *   D:6 [

Annotations:
D:4 3 runed translucent doors, TimeIsEndless's ghost, novice GnFi


Innate Abilities, Weirdness & Mutations

You have razor-sharp teeth.
Your natural rate of healing is unusually fast.
When hurt, damage is shared between your health and your magic reserves.
Your bite disrupts and absorbs the magic of your enemies.
Potions cannot restore your health.
You are immune to rotting.


Message History

There is an open door here.
Things that are here:
a +0 falchion of protection; an orc skeleton The orc wizard shouts!
The orc wizard casts a spell at you. The magic dart hits you.
You punch the orc warrior!
The orc warrior is heavily wounded.
The orc warrior hits you with a cursed +0 dire flail!
You barely miss the orc warrior. Your bite misses the orc warrior.
The orc warrior is heavily wounded.
The orc warrior hits you with a cursed +0 dire flail!
You closely miss the orc warrior.
The orc warrior is heavily wounded.
The orc priest shouts!
You hit the orc warrior. Your bite misses the orc warrior.
The orc warrior is heavily wounded.
The orc warrior hits you with a cursed +0 dire flail!
The orc warrior hits you with a cursed +0 dire flail!!
You die...

#####
#################....
#...............#....
#...............#....
#...............#....
#####....##).......#....
.......@o###'#######)...
...#.....#...........)).
#.....'..oo........).
#.....#..o...........
#.....#..........####
#.....#..........#
#.....#.....######
#.....#.....#
#####'#.....#


You could see an orc warrior and an orc.

Vanquished Creatures
  Pikel (D:5)
  Sigmund (D:3)
  A water moccasin (D:5)
  A hornet zombie (D:6)
  A sky beast (D:5)
  4 slaves (D:4)
  2 ice beasts
  A necrophage (D:5)
  A phantom (D:4)
  A bullfrog (D:6)
  A scorpion (D:6)
  A howler monkey (D:4)
  3 crimson imps
  A hound (D:4)
  A quasit (D:5)
  5 orc priests
  6 orc wizards
  A bullfrog skeleton (D:5)
  4 iguanas
  Natasha (thrice) (D:4)
  A worker ant (D:4)
  2 worker ant zombies (D:5)
  4 gnolls (D:4)
  7 adders
  A shadow imp (D:5)
  2 oozes
  An adder zombie (D:6)
  3 worms (D:2)
  2 dart slugs
  4 leopard geckos
  20 orcs
  6 bats
  8 giant cockroaches
  5 goblins
  10 hobgoblins
  6 jackals
  5 quokkas
  4 ball pythons
  6 frilled lizards
  A jackal skeleton (D:4)
  14 kobolds
  5 rats
  A spectral orc (D:3)
158 creatures vanquished.

Vanquished Creatures (others)
  3 fungi (D:4)
  A plant (D:4)
4 creatures vanquished.

Grand Total: 162 creatures vanquished

Notes
Turn   | Place    | Note
-------+----------+-------------------------------------------
     0 | D:1      | McKennaii the Vine Stalker Transmuter began the quest for
                  | the Orb.
     0 | D:1      | Reached XP level 1. HP: 9/9 MP: 4/4
   167 | D:1      | Reached XP level 2. HP: 10/14 MP: 4/6
  1088 | D:2      | Found a shadowy altar of Dithmenos.
  1131 | D:2      | Reached XP level 3. HP: 11/17 MP: 4/7
  1276 | D:2      | Reached skill level 4 in Unarmed Combat
  1286 | D:2      | Reached skill level 1 in Fighting
  2150 | D:2      | Gained mutation: Your natural rate of healing is unusually
                  | fast. [Vine Stalker growth]
  2150 | D:2      | Reached XP level 4. HP: 11/22 MP: 6/8
  2689 | D:3      | Noticed Sigmund
  2787 | D:3      | HP: 1/22 [something (4)]
  2788 | D:3      | Killed Sigmund
  2788 | D:3      | Reached skill level 1 in Stealth
  2788 | D:3      | Reached skill level 5 in Unarmed Combat
  2788 | D:3      | Reached XP level 5. HP: 2/25 MP: 0/9
  2788 | D:3      | Reached XP level 6. HP: 2/30 MP: 0/10
  3308 | D:3      | Found a basalt altar of Yredelemnul.
  3381 | D:4      | Found Hesa's Jewellery Boutique.
  3501 | D:4      | Found a runed translucent gate.
  3502 | D:4      | Found a runed translucent gate.
  3502 | D:4      | Noticed TimeIsEndless's ghost (novice GnFi)
  3503 | D:4      | Found a runed translucent gate.
  3528 | D:4      | Reached skill level 6 in Unarmed Combat
  3539 | D:4      | Reached skill level 1 in Armour
  3561 | D:4      | Noticed a phantom
  3599 | D:4      | Killed a phantom
  3599 | D:4      | Reached XP level 7. HP: 23/33 MP: 9/11
  3860 | D:4      | Noticed Natasha
  3865 | D:4      | Killed Natasha
  3865 | D:4      | Reached skill level 7 in Unarmed Combat
  4151 | D:4      | Noticed Natasha
  4166 | D:4      | Killed Natasha
  4304 | D:4      | Noticed Natasha
  4315 | D:4      | Killed Natasha
  4706 | D:5      | Entered Level 5 of the Dungeon
  4720 | D:5      | Gained mutation: You have razor-sharp teeth. [Vine Stalker
                  | growth]
  4720 | D:5      | Reached XP level 8. HP: 16/39 MP: 7/12
  4857 | D:5      | Reached skill level 8 in Unarmed Combat
  5131 | D:5      | Found Xaetisho's Assorted Antiques.
  5144 | D:5      | Bought a scroll labeled JADIB ZADOOLANT for 25 gold pieces
  5144 | D:5      | Bought 2 scrolls labeled GANY RA WEYSOA for 50 gold pieces
  5144 | D:5      | Bought a coppery potion for 22 gold pieces
  5144 | D:5      | Bought a scroll labeled GUGIJUWNUA for 25 gold pieces
  5144 | D:5      | Bought a scroll labeled HEMISH ZUMIEL for 25 gold pieces
  5265 | D:5      | Noticed Pikel
  5734 | D:5      | Learned a level 5 spell: Blade Hands
  5991 | D:5      | Killed Pikel
  5991 | D:5      | Reached skill level 9 in Unarmed Combat
  5991 | D:5      | Reached XP level 9. HP: 29/43 MP: 9/14
  6461 | D:6      | Found Qoxaweut's Antique Armour Boutique.
  6566 | D:6      | Slain by an orc warrior

Levels and vault maps discovered:
D:1:      nagdon_arrival_double_spiral, layout_basic
D:2:      layout_loops_corners, nicolae_dithmenos_through_a_glass_darkly,
          first_ration
D:3:      layout_basic, yredelemnul_forgotten_temple_becter, uniq_sigmund
D:4:      layout_basic, serial_shops, nicolae_shop_statue_plus,
          gammafunk_ghost_nasty_kobolds, uniq_natasha
D:5:      layout_layer_cave, serial_shops, shop, uniq_pikel
D:6:      layout_gridville, lemuel_round_altar, minmay_temple_entry_slanted,
          serial_shops, shop, minmay_microvault

Skill      XL: |  1  2  3  4  5  6  7  8  9 |
---------------+----------------------------+-----
Unarmed Combat | 4 5 6 7 9 |  9.8
Fighting       | 1 2 |  2.4
Dodging        | 2 3 |  3.1
Stealth        | 1 2 3 4 |  4.9
Armour         | 1 2 3 |  3.2
Spellcasting   | 3 |  3.2
Transmutations | 3 |  3.0

Action                   |  1- 3 |  4- 6 |  7- 9 || total
-------------------------+-------+-------+-------++-------
Melee: Unarmed           |   159 |   178 |   361 ||   698
       Bite              |    41 |    51 |    95 ||   187
       Punch             |     4 |     4 |    12 ||    20
  Use: Scroll            |       |       |     5 ||     5
 Stab: Sleeping          |     1 |       |       ||     1
  Eat: Chunk             |     3 |     6 |    10 ||    19
Armor: Robe              |    34 |     3 |       ||    37
       Chain mail        |       |    79 |   157 ||   236
       Skin              |       |       |     2 ||     2
Dodge: Dodged            |    96 |    70 |   112 ||   278

Table legend:
 A = Non-vault XP
 B = Vault XP
 C = Vault XP percentage of total XP
 D = Non-vault monster count
 E = Vault monster count
 F = Vault count percentage of total count
                 A         B        C        D         E       F
            +---------+---------+-------+---------+---------+-------
      Total |    2496 |     842 |  25.2 |     150 |       4 |   2.6
            +---------+---------+-------+---------+---------+-------
        D:1 |      25 |       0 |   0.0 |      15 |       0 |   0.0
        D:2 |      77 |       0 |   0.0 |      34 |       0 |   0.0
        D:3 |      70 |     221 |  75.9 |      24 |       2 |   7.7
        D:4 |     741 |      35 |   4.5 |      40 |       1 |   2.4
        D:5 |     984 |     586 |  37.3 |      25 |       1 |   3.8
        D:6 |     599 |       0 |   0.0 |      12 |       0 |   0.0
            +---------+---------+-------+---------+---------+-------
